 Dungeon Crawl Stone Soup version 0.28-a0-1382-g92835e5c71 (webtiles) character file.

Game seed: 15579624690342545317

30 lessens the Cudgeller (level 3, 0/29 HPs)
             Began as a Demonspawn Berserker on Jan 2, 2022.
             Was a Follower of Trog.
             Succumbed to an adder's poison
             ... on level 2 of the Dungeon.
             The game lasted 00:01:11 (1267 turns).

lessens the Cudgeller (Demonspawn Berserker)        Turns: 1267, Time: 00:01:11

Health: 0/29       AC:  5    Str: 19    XL:     3   Next: 3%
Magic:  3/3        EV: 11    Int:  8    God:    Trog [*.....]
Gold:   91         SH:  0    Dex: 12    Spells: 2/2 levels left

rFire   . . .      SeeInvis .   a - +0 mace
rCold   . . .      Faith    .   (no shield)
rNeg    . . .      Spirit   .   c - +0 ring mail
rPois   .          Reflect  .   (no helmet)
rElec   .          Harm     .   (no cloak)
rCorr   .          Rampage  .   (no gloves)
Will    .....                   (no boots)
Stlth   +.........              (no amulet)
HPRegen 0.09/turn               (no ring)
MPRegen 0.08/turn               (no ring)

@: lethally poisoned (0 -> -6), flying, hasted, very quick
A: demonic guardian 1
a: Renounce Religion, Berserk


You were on level 2 of the Dungeon.
You worshipped Trog.
Trog was aware of your devotion.
You visited 1 branch of the dungeon, and saw 2 of its levels.

You collected 91 gold pieces.

Inventory:

Hand Weapons
 a - a +0 mace (weapon)
Missiles
 e - 9 poisoned darts (quivered)
 g - 30 stones
 k - 2 javelins
Armour
 b - a +0 animal skin
 c - a +0 ring mail (worn)
Jewellery
 h - a ring of protection from cold
Scrolls
 f - a scroll of teleportation {unknown}
 i - 2 scrolls of identify {unknown}
 l - a scroll of fear {unknown}


   Skills:
 - Level 3.0 Fighting
 + Level 3.8 Maces & Flails
 - Level 1.7 Armour
 - Level 1.7 Dodging


You had 2 spell levels left.
You didn't know any spells.
Your spell library was empty.

Dungeon Overview and Level Annotations

Branches:
Dungeon (2/15)

Altars:


Innate Abilities, Weirdness & Mutations

A weak demonic guardian rushes to your aid.


Message History

The adder bites you but does no damage.
You hit the adder.
The adder is severely wounded.
You feel sick. The adder bites you. The adder closely misses you.
You hit the adder but do no damage.
The adder is severely wounded.
You feel sick.
You are no longer poisoned.
The adder bites you.
You are poisoned.
The adder poisons you!
You closely miss the adder.
The adder is severely wounded.
You feel sick. The adder bites you but does no damage. The adder bites you.
You are more poisoned.
The adder poisons you!
You hit the adder.
The adder is severely wounded.
You feel sick. The adder bites you.
You are too injured to fight recklessly!
You miss the adder.
The adder is severely wounded.
You feel sick. The adder bites you but does no damage. The adder bites you.
* * * LOW HITPOINT WARNING * * *
You are lethally poisoned!
The adder poisons you!
It was a potion of haste.
You feel yourself speed up.
* * * LOW HITPOINT WARNING * * *
You feel sick. The adder completely misses you.
It was a potion of flight.
You feel very buoyant.
You fly up into the air.
* * * LOW HITPOINT WARNING * * *
You feel sick. The adder bites you.
* * * LOW HITPOINT WARNING * * *
A demonic guardian appears!
* * * LOW HITPOINT WARNING * * *
You feel sick.
You swap places.
You die...

#.....P≈≈.PP.P≈≈
#.....≈≈≈≈#..PP≈
#.....P≈P##....≈
#...#.♣≈P####.PP +
#....≈≈≈≈....#≈P ##.##
#####P÷).###....
#..$.######..<.)≈#####...
#.gS5.#..####....#..##
#..###@#.<# #..........
#...##...#..# #......)...
#### #'###.## #..........
#.....# #..........
####### #..........
###########


You could see an adder (ally target), a hobgoblin and a friendly shadow imp
(summoned).

Vanquished Creatures
  2 dart slugs (D:1)
  2 endoplasms (D:2)
  A giant cockroach (D:1)
  2 goblins (D:1)
  2 hobgoblins
  A ball python (D:1)
  2 bats
  A frilled lizard (D:1)
  4 kobolds
  4 rats (D:1)
21 creatures vanquished.

Vanquished Creatures (collateral kills)
  An endoplasm (D:2)
  A goblin (D:2)
  A quokka (D:2)
  A kobold (D:2)
4 creatures vanquished.

Vanquished Creatures (others)
  9 plants (D:2)
9 creatures vanquished.

Grand Total: 34 creatures vanquished

Notes
Turn   | Place    | Note
-------+----------+-------------------------------------------
     0 | D:1      | lessens the Demonspawn Berserker began the quest for the
                  | Orb.
     0 | D:1      | Reached XP level 1. HP: 18/18 MP: 1/1
   279 | D:1      | Found a faded altar of an unknown god.
   385 | D:1      | Gained mutation: A weak demonic guardian rushes to your
                  | aid. [demonic ancestry]
   385 | D:1      | Reached XP level 2. HP: 23/24 MP: 2/2
  1163 | D:2      | Reached XP level 3. HP: 29/29 MP: 3/3
  1266 | D:2      | HP: 1/29 [poisoned by an adder]
  1267 | D:2      | Succumbed to an adder's poison

Illustrated notes

Levels and vault maps discovered:
D:1:      saegor_arrival_simple_d, layout_loops_corners,
          shapermc_ecumenical_altar_rom_forum, chequers_serial_rivers_marsh
D:2:      minmay_chambers_of_ones, layout_rooms, serial_bayou_lagoon_a

Skill      XL: |  1 |
---------------+----+-----
Maces & Flails | 3 |  3.8
Fighting       | |  3.0
Armour         | |  1.7
Dodging        | |  1.7

Action                   || total
-------------------------++-------
Melee: Mace              ||    64
  Use: Potion            ||     2
Armor: Ring mail         ||    21
Dodge: Dodged            ||    29

Table legend: (Time is in decaauts)
 A = Elapsed time spent in this place.
 B = Non-inter-level travel time spent in this place.
 C = Inter-level travel time spent in this place.
 D = Time resting spent in this place.
 E = Time spent auto-exploring this place.
 F = Levels seen in this place.
 G = Mean time per level.
                   A        B        C        D        E       F      G
               +--------+--------+--------+--------+--------+-----+--------+
         Total |   1295 |   1243 |     52 |      0 |   1054 |   2 |  647.5 |
       Dungeon |   1295 |   1243 |     52 |      0 |   1054 |   2 |  647.5 |
               +--------+--------+--------+--------+--------+-----+--------+

Top non-repeatable levels by time:
     D:1: 1022 daAuts
     D:2: 272 daAuts
